Cogmind - Beta 14 @@@ ROGUE MODE // 2025.03.20 @ 14:34:50 Player: SovietPaperclip Result: Self-destructed Performance ------------- Evolutions (2) 1000 Regions Visited (3) 600 Robots Destroyed (32) 160 Value Destroyed (915) 915 Prototype IDs (1) 20 Alien Tech Used (0) 0 Bonus (0) 0 TOTAL SCORE: 2695 Bonus ------- None Cogmind --------- Core Integrity 430/550 Matter 85/300 Energy 265/265 System Corruption 6% Temperature Warm (126) Movement Rolling (215) Ox9 Location -8/Materials Parts ------- > --- POWER (1) -------- Improved Ion Engine > --- PROPULSION (4) --- Light Treads Wheel > --- UTILITY (4) ------ Huge Storage Unit Visual Processing Unit > --- WEAPON (2) ------- Improved Light Cannon > --- INVENTORY (25) --- Improved Heat Sink Large Storage Unit High-capacity Storage Unit Seismic Detector Heavy Armor Plating Heavy Armor Plating Heavy Armor Plating Hardened Light Armor Plating Tractor Beam Rocket Launcher Plasma Cutter Flail Peak State ------------ > --- POWER ------------ Improved Ion Engine > --- PROPULSION ------- Light Treads Light Treads Wheel Improved Flight Unit > --- UTILITY ---------- Huge Storage Unit Visual Processing Unit Heavy Armor Plating > --- WEAPON ----------- Improved Light Cannon Flail > --- INVENTORY -------- Wheel Improved Heat Sink Large Storage Unit High-capacity Storage Unit Seismic Detector Heavy Armor Plating Heavy Armor Plating Heavy Armor Plating Hardened Light Armor Plating Tractor Beam Improved Light Cannon Rocket Launcher Plasma Cutter [Rating: 24] Favorites ----------- Power Improved Ion Engine Engine Improved Ion Engine Propulsion Light Treads Treads Light Treads Wheel Wheel Flight Unit Improved Flight Unit Utility Visual Processing Unit Device Heat Sink Storage Huge Storage Unit Processor Visual Processing Unit Protection Heavy Armor Plating Weapon Improved Light Cannon Ballistic Gun Assault Rifle Ballistic Cannon Improved Light Cannon Launcher Rocket Launcher Impact Weapon Flail Build | -11 -10 -9 -8 ------- Run | Yrd Mat Mat Mat Slots Evolved 4 | . . 2 2 Power . | . . . . Propulsion 2 | . . 1 1 Utility 2 | . . 1 1 Weapon . | . . . . Parts Attached 30 | 6 6 12 6 Power 4 | 1 2 1 . Engine 4 | 1 2 1 . Core . | . . . . Reactor . | . . . . Propulsion 10 | 2 1 4 3 Treads 6 | 2 1 3 . Leg . | . . . . Wheel 3 | . . 1 2 Hover . | . . . . Flight 1 | . . . 1 Utility 7 | 1 1 4 1 Device 2 | . 1 1 . Storage 3 | 1 . 2 . Processor 1 | . . 1 . Hackware . | . . . . Protection 1 | . . . 1 Artifact . | . . . . Weapon 9 | 2 2 3 2 Energy Gun . | . . . . Energy Cannon . | . . . . Ballistic Gun 2 | 2 . . . Ballistic Cannon 5 | . 2 2 1 Launcher 1 | . . 1 . Special Weapon . | . . . . Impact Weapon 1 | . . . 1 Slashing Weapon . | . . . . Piercing Weapon . | . . . . Special Melee Weapon . | . . . . Unidentified Prototypes 1 | . . . 1 Parts Lost 10 | . . 6 4 Power 1 | . . 1 . Propulsion 4 | . . 2 2 Utility 2 | . . 1 1 Weapon 3 | . . 2 1 Highest Loss Streak 4 | . . 4 4 To Critical Strikes . | . . . . Average Slot Usage (%) 90 | . 93 91 78 Engine 11 | . 13 10 9 Treads 26 | . 28 28 17 Wheel 1 | . . . 14 Device 7 | . 7 8 . Storage 11 | . 14 11 9 Processor 7 | . . 10 9 Ballistic Gun 5 | . 19 . . Ballistic Cannon 16 | . 8 21 11 Peak Build Rating 24 | 6 10 20 24 Average Rating 12 | 5 7 14 18 On Entrance 7 | . 6 10 13 Naked Turns . | . . . . Heaviest Build 110 | 12 21 96 110 Greatest Support 63 | 40 40 63 20 Greatest Overweight (x) 9 | . . 9 9 Average Overweight (x) 1 | . . 1 6 Largest Inventory Capacity 25 | 8 8 25 25 Average Capacity 17 | 7 8 22 25 Most Carried 19 | 1 8 19 18 Average Carried 9 | . 2 12 15 Final Capacity 25 | 8 8 25 25 Final Carried 16 | 1 5 16 15 Class Distribution -------------------- 100% | Mutant Dominant Class ---------------- Mutant | -10/Materials Mutant | -9/Materials Mutant | -8/Materials Resources | -11 -10 -9 -8 ----------- Run | Yrd Mat Mat Mat Matter Collected 813 | 222 189 381 21 Remotely . | . . . . Salvage Created 1070 | 30 262 665 113 Parts 60 | 2 22 34 2 Haulers Intercepted 4 | . . 3 1 Recyclers Shooed 1 | . . 1 . Parts Field Recycled . | . . . . Retrieved Matter . | . . . . Parts Self-Destructed . | . . . . Prevented . | . . . . Kills | -11 -10 -9 -8 ------- Run | Yrd Mat Mat Mat Combat Hostiles Destroyed 23 | . 8 13 2 Guns 8 | . 8 . . Cannons 13 | . . 11 2 AOE 2 | . . 2 . Classes Destroyed 9 | 1 2 6 . Tunneler 1 | 1 . . . Hauler 4 | . . 3 1 Recycler 2 | . . 2 . Watcher 2 | . . 2 . Swarmer 3 | . 3 . . Grunt 15 | . 5 8 2 Brawler 1 | . . 1 . Duelist 1 | . . 1 . Sentry 3 | . . 3 . Best Kill Streak 6 | 1 3 6 1 Combat Bots Only 4 | . 3 4 1 Max Kills in Single Turn 1 | 1 1 1 1 Gunslinging . | . . . . Exploded 1 | . . 1 . Melee . | . . . . Uniques/NPCs Destroyed . | . . . . Combat | -11 -10 -9 -8 -------- Run | Yrd Mat Mat Mat Hostile Shots Fired 162 | . 29 78 55 Missed 38 | . 9 24 5 Damage Taken 2081 | . 277 883 921 Core 313 | . 19 174 120 Absorbed by Shields . | . . . . Core Remaining (%) 82 | 100 92 56 . Volleys Fired 95 | 8 19 42 26 Largest 2 | 2 2 2 2 Hottest 78 | 40 40 78 78 Shots Fired 163 | 16 38 76 33 Gun 54 | 16 38 . . Cannon 107 | . . 74 33 Launcher 2 | . . 2 . Special . | . . . . Kinetic 161 | 16 38 74 33 Thermal . | . . . . Explosive 2 | . . 2 . Electromagnetic . | . . . . Robot Hit Streak 21 | 4 15 21 6 Robot Miss Streak 5 | 4 5 3 3 Penetration Max . | . . . . Secondary Targets 1 | . 1 . . Max Gunslinging Chain 1 | . 1 . . Shots Hit Robots 107 | 8 28 51 20 Core Hits 47 | 1 15 26 5 Critical Kills . | . . . . Critical Parts Destroyed . | . . . . Critical Strikes 3 | . . 3 . Blast 3 | . . 3 . Melee Attacks 2 | . . . 2 Impact 2 | . . . 2 Slashing . | . . . . Piercing . | . . . . Sneak Attacks 1 | . . . 1 Combat Hostiles . | . . . . Follow-up Attacks . | . . . . Damage Inflicted 2348 | 93 343 1326 586 Guns 436 | 93 343 . . Cannons 1485 | . . 1108 377 Explosions 218 | . . 218 . Melee 86 | . . . 86 Ramming 123 | . . . 123 Kinetic 1921 | 93 343 1108 377 Thermal . | . . . . Explosive 186 | . . 186 . Electromagnetic 32 | . . 32 . Impact 86 | . . . 86 Slashing . | . . . . Piercing . | . . . . Highest Corruption 6 | . . 1 6 Average Corruption 1 | . . 1 2 Corruption Purged . | . . . . Corruption Blocked . | . . . . Effects 1 | . . 1 . Energy Discharges 1 | . . 1 . Overload Shots . | . . . . Overflow Damage 85 | . . 18 67 Projectiles 18 | . . 18 . Explosions . | . . . . Melee 67 | . . . 67 Knockbacks 18 | . . 10 8 Impact . | . . . . Kinetic 16 | . . 9 7 Secondary 2 | . . 1 1 Self-Inflicted Damage 149 | . . 91 58 Shots 3 | . . 3 . Rammed 11 | . . . 11 Targets Rammed 11 | . . . 11 Kicked . | . . . . Crushed . | . . . . Highest Temperature 495 | . 20 84 495 Average Temperature 171 | . 10 31 313 Received Heat Transfer 996 | . 162 348 486 Effects 4 | . . . 4 Shutdowns 2 | . . . 2 Interference 1 | . . . 1 Short Circuit 1 | . . . 1 Siege Activations . | . . . . Robots Corrupted . | . . . . Combat Hostiles . | . . . . Parts Fried . | . . . . Impact Corruptions 2 | . . . 2 Robots Melted . | . . . . Combat Hostiles . | . . . . Parts Melted . | . . . . Heat Transferred . | . . . . Parts Sabotaged . | . . . . Parts Stolen . | . . . . Parts Stripped . | . . . . Power Chain Reactions . | . . . . Alert | -11 -10 -9 -8 ------- Run | Yrd Mat Mat Mat Peak Influence 215 | 5 215 175 148 Initial 70 | . 3 5 70 Average 68 | 1 76 64 91 Maximum Alert Level 1 | . 1 . . Low Security (%) 98 | 100 93 100 100 Level 1 1 | . 6 . . Level 2 . | . . . . Level 3 . | . . . . Level 4 . | . . . . Level 5 . | . . . . High Security . | . . . . Max Security . | . . . . Squads Dispatched 2 | . 1 . 1 Investigation . | . . . . Extermination . | . . . . Reinforcement 2 | . 1 . 1 Assault . | . . . . Garrison . | . . . . Intercept . | . . . . Searches Triggered . | . . . . Construction Impeded . | . . . . Haulers Reinforced . | . . . . Active Scanning Responses . | . . . . Cargo Convoy Interrupts . | . . . . Stealth | -11 -10 -9 -8 --------- Run | Yrd Mat Mat Mat Distress Signals 1 | . 1 . . Communications Jammed . | . . . . Distress Signals . | . . . . Times Spotted 36 | . 12 16 8 Peak Tracking Total 5 | . 5 4 5 Tactical Retreats 1 | . . 1 . Traps | -11 -10 -9 -8 ------- Run | Yrd Mat Mat Mat Traps Triggered 2 | . 2 . . Indirectly . | . . . . Trap Hack Attempts . | . . . . Triggered . | . . . . Disarmed 4 | . 4 . . Reprogrammed . | . . . . Reused . | . . . . Traps Extracted . | . . . . Installed . | . . . . Triggered . | . . . . Machines | -11 -10 -9 -8 ---------- Run | Yrd Mat Mat Mat Machines Disabled 2 | . . 2 . Max in Single Turn 1 | . . 1 . Machines Repaired . | . . . . Machines Dismantled . | . . . . Machines Sabotaged . | . . . . Overloaded Fab Kills . | . . . . Hacking | -11 -10 -9 -8 --------- Run | Yrd Mat Mat Mat Machines Accessed 7 | . 3 4 . Terminals 7 | . 3 4 . Fabricators . | . . . . Repair Stations . | . . . . Recycling Units . | . . . . Scanalyzers . | . . . . Garrison Access . | . . . . Total Hacks 14 | . 8 6 . Successful 7 | . 4 3 . Failed 7 | . 4 3 . Catastrophic 1 | . 1 . . Database Lockouts . | . . . . Manual 10 | . 5 5 . Terminals 14 | . 8 6 . Fabricators . | . . . . Repair Stations . | . . . . Recycling Units . | . . . . Scanalyzers . | . . . . Garrison Access . | . . . . Terminal Hacks 6 | . 4 2 . Part Schematic 2 | . 2 . . Locate Traps 2 | . 1 1 . Disarm Traps 1 | . 1 . . Hauler Manifests 1 | . . 1 . Fabricator Hacks . | . . . . Repair Station Hacks . | . . . . Recycling Unit Hacks . | . . . . Scanalyzer . | . . . . Garrison Access Hacks . | . . . . Unauthorized Hacks 1 | . . 1 . Terminals 1 | . . 1 . Botnet 1 | . . 1 . Fabricators . | . . . . Repair Stations . | . . . . Recycling Units . | . . . . Scanalyzers . | . . . . Garrison Access . | . . . . Data Cores Recovered . | . . . . Used . | . . . . Hacking Detections 4 | . 2 2 . Full Trace Events . | . . . . Feedback Events . | . . . . Feedback Blocked . | . . . . Robot Schematics Acquired . | . . . . Robots Built . | . . . . Authchips . | . . . . Time . | . . . . Total Robot Build Rating . | . . . . Part Schematics Acquired 2 | . 2 . . Parts Built . | . . . . Authchips . | . . . . Time . | . . . . Total Part Build Rating . | . . . . Parts Repaired . | . . . . Time . | . . . . Parts Recycled . | . . . . Recycled Matter . | . . . . Retrieved Matter . | . . . . Retrieved Components . | . . . . Parts Scanalyzed . | . . . . Part Schematics Acquired . | . . . . Parts Damaged . | . . . . Bothacking | -11 -10 -9 -8 ------------ Run | Yrd Mat Mat Mat Used RIF Installer . | . . . . Robots Hacked . | . . . . Non-combat . | . . . . Combat . | . . . . Robot Hacks Applied . | . . . . Relay Couplers Released . | . . . . Fabnet Peak Effective % . | . . . . Robots Rewired . | . . . . Allies Hacked . | . . . . Hacks Repelled . | . . . . Allies | -11 -10 -9 -8 -------- Run | Yrd Mat Mat Mat Total Allies . | . . . . Largest Group . | . . . . Highest-Rated Group . | . . . . Highest-Rated Ally . | . . . . Total Orders . | . . . . Ally Attacks . | . . . . Total Damage . | . . . . Kills . | . . . . Allies Corrupted . | . . . . Allies Melted . | . . . . Intel | -11 -10 -9 -8 ------- Run | Yrd Mat Mat Mat Robot Analysis Total . | . . . . Derelict Logs Recovered . | . . . . Drone Launches . | . . . . Drone Recoveries . | . . . . Exploration | -11 -10 -9 -8 ------------- Run | Yrd Mat Mat Mat Turns Passed 2360 | 84 658 1354 264 Spaces Moved 973 | 35 344 504 90 Core 4 | 4 . . . Treads 871 | 31 344 496 . Legs . | . . . . Wheels 98 | . . 8 90 Hover . | . . . . Flight . | . . . . Fastest Speed 50 | 50 160 160 140 Average Speed 197 | 147 160 229 179 Slowest Speed 320 | 160 160 320 215 Overloaded Moves . | . . . . Propulsion Burnouts . | . . . . Robots Hopped . | . . . . Cave-ins Triggered . | . . . . Exploration Rate (%) 33 | 4 61 51 16 Regions Visited 3 Branch Regions . Pre-discovered Areas . | . . . . Known Exits Taken . | . . . . Unknown Exits Taken 3 | 1 1 1 . Scrap Searched . | . . . . Spaces Dug 1 | . . . 1 Terrain Destroyed 14 | . . 9 5 Melee 1 | . . . 1 Projectile 6 | . . 2 4 AOE 7 | . . 7 . Terrain Rammed . | . . . . Walls Destroyed . | . . . . Machines Disabled . | . . . . Actions | -11 -10 -9 -8 --------- Run | Yrd Mat Mat Mat Total 1236 | 49 414 624 149 Wait 94 | . 35 49 10 Move 970 | 34 343 503 90 Hop . | . . . . Pick Up 25 | 1 7 14 3 Fast Attach 11 | 6 3 1 1 Attach 11 | . 2 6 3 Detach . | . . . . Swap 8 | . 1 5 2 Drop 9 | . 4 4 1 Fire 95 | 8 19 42 26 Melee 2 | . . . 2 Ram 11 | . . . 11 Kick . | . . . . Crush . | . . . . Escape Stasis . | . . . . Rewire . | . . . . Trap . | . . . . Miscellaneous . | . . . . Route ------- -11/Scrapyard -10/Materials (discovered 3 exits: *Mat x3) -9/Materials (discovered 2 exits: [*Mat x2]) -8/Materials History --------- Turn | Location | Event 2 | -11/Scrapyard | Discovered new exit (range 16) 85 | -11/Scrapyard | Entered Materials 314 | -10/Materials | Build established: Mutant 332 | -10/Materials | Discovered new exit (range 7) 615 | -10/Materials | Discovered new exit (range 6) 737 | -10/Materials | Discovered new exit (range 5) 743 | -10/Materials | Entered another Materials area 743 | -9/Materials | Evolved 2 slots: Propulsion x1, Utility x1 1237 | -9/Materials | Discovered new exit (range 18) 1839 | -9/Materials | Lost 4 parts (2n1u1w) 1920 | -9/Materials | Discovered new exit (range 8) 2097 | -9/Materials | Entered another Materials area 2097 | -8/Materials | Evolved 2 slots: Propulsion x1, Utility x1 2361 | -8/Materials | Self-destructed Last Messages --------------- 02346_ Acquired 2 matter. 02347_ Slammed into G-47 Trooper. 02350_ Lgt. Treads destroyed. 02350_ System corrupted by crushing effect (+2). 02351_ Slammed into G-47 Trooper. 02352_ Acquired 4 matter. 02353_ Slammed into G-47 Trooper. 02354_ Destabilizing: System interference. 02354_ Visual Processing Unit temporarily disabled. 02355_ Hvy. Armor Plating destroyed. 02356_ Slammed into G-47 Trooper. 02356_ Destroyed Imp. Heat Sink. 02356_ G-47 Trooper system corrupted by crushing effect. 02357_ Slammed into G-47 Trooper. 02359_ Wheel destroyed. 02359_ System corrupted by crushing effect (+4). 02361_ Fusion Modulator explodes. 02361_ G-47 Trooper destroyed. 02361_ Imp. Light Cannon destroyed. 02361_ Terminal disabled. Map ----- +----------------------------------------------------+ | ?????????????????????????????????????????????????? | | ?????????????????????????????????????????????????? | | ?????????????????????????????????????????????????? | | ?????????????????????????????????????????????????? | | ?????????????????????????????????????????????????? | | ?????????????????????????????????????????????????? | | ?????????????????????????????????????????????????? | | ?????????????????????????????????????????????????? | | ???????????????????H?????????????????????????????? | | ?????????????????????????????????????????????????? | | ?????????????????????????????????????????????????? | | ?????????????????????????????????????????????????? | | ?????????????????????????????????????????????????? | | ?????????????????????????????????????????????????? | | ?????????????????????????????????????????????????? | | ?????????????????????????????????????????????????? | | ?????????????????????????????????????????????????? | | ??????????????#??????????????????????????????????? | | ??????????????? ????????????????????????????????? | | ???????????????"" ???????????????????????????????? | | ???????????????"" ??????????????????????????????? | | ???????????????"" ! ????????????????????????????? | | ?????????????# ??####?????????????????????? | | ??????????????? " " ;## ###???????????????????? | | ??????????????! "T ;;;;;;;#???????????????????? | | ?????????????? "" ; @ #???????????????????? | | ?????????????# ; % ;#??????????????????? | | ?????????????###+###;;; m ;#??????????????????? | | ????????????????? ; ; ;#??????????????????? | | ??????????????? # ; ;#??????????????????? | | ????????????? ; ; ;#????????????? ????? | | ????????????##### #;;;;;;;;############## ##?? | | ????????????????? #; % =%== | | ????????????????# ?## [ ==% | | ????????????????# ???# %% % % ! """ | | ???????????????? ????# r #######+########## """ | | ??????????????? ?????# #???# #?????# """ | | ?????????????????????# u #???#! #?????# | | ?????????????????????# #???# #?????# | | ?????????????????????# #???# """ #????## | | ?????????????????????# ????# """ ###### == | | ?????????????????????# ????# """ + = | | ????????????????????? ????############# ! | | ????????????????????? ?????????#= ! # | | ????????????????????# T ?????????# # ## | | ????????????????????# ?????????# """" # #? | | ????????????????????# ? ?????????# """" + #? | | ?????????????????????? ?#?????????# """" # #? | | ??????????????????????????????????# # #? | | ??????????????????????????????????######## #? | +----------------------------------------------------+ Best States ------------- Heat Dissipation 42 Energy Generation 12 Energy Capacity 265 Matter Stores 300 Matter Capacity 300 Sight Range 18 Terrain Scan Density 10 Armor Coverage 600 Evasion (%) 40 Recoil Reduction 3 Item Schematics ----------------- Huge Storage Unit | -10/Materials | Hacked Cargo Storage Unit | -10/Materials | Hacked Robot Schematics ------------------ None Fabricated ------------ Nothing Alien Tech Used ----------------- None Achievements -------------- None Challenges ------------ None Game ------ Seed ServoReflectiveCoupler Manual? 0 Play Time 00:15:20 Cumulative 144.1 hours Start 2025.03.20 @ 14:20:00 End 2025.03.20 @ 14:34:50 Sessions 1 Manual Loads 0 Difficulty Rogue Special Mode None Game No. 201 Rogue 201 Adventurer 0 Explorer 0 Win Type - Total 1 Types 1/0/0/0/0/0/0/0/0 Lore% 50 Gallery% 55 Achievement% 53 Wizard Run 0 Options --------- Layout 1 ASCII 0 Keyboard 0 Movement Mouse Keybinds 0 Fullscreen 1 Font 32/SmallcapsGlow Map View 77x35 Zoom Use 0% Tactical HUD 1 Map Filters NONE Filters NONE Steam 1 RUN: 454886e5-2bcb-4332-899a-e4fe1581f39f